 Dungeon Crawl Stone Soup version 0.29.1-2-gbd0b4ee654 (webtiles) character file.

Game seed: 13844333903974968745

122 kingsuperguy the Cudgeller (level 4, -3/44 HPs)
             Began as a Troll Monk on Nov 15, 2022.
             Slain by a gnoll
             ... wielding a +0 club
              (4 damage)
             ... on level 5 of the Dungeon.
             The game lasted 00:05:23 (2186 turns).

kingsuperguy the Cudgeller (Troll Monk)             Turns: 2186, Time: 00:05:24

Health: -3/44      AC:  4    Str: 21    XL:     4   Next: 78%
Magic:  3/3        EV: 10    Int:  6    God:
Gold:   110        SH:  0    Dex: 12    Spells: 3/3 levels left

rFire   . . .      SeeInvis .   a - +0 mace
rCold   . . .      Faith    .   (no shield)
rNeg    . . .      Spirit   .   b - +0 robe
rPois   .          Reflect  .   (helmet restricted)
rElec   .          Harm     .   (no cloak)
rCorr   .          Rampage  .   (gloves unavailable)
Will    .....                   (boots unavailable)
Stlth   ++........              (no amulet)
HPRegen 0.94/turn               (no ring)
MPRegen 0.08/turn               (no ring)

@: lethally poisoned (-3 -> -7)
A: large, unfitting armour, claws 3, regeneration 1, shaggy fur 1, tough skin 1
a: no special abilities


You were on level 5 of the Dungeon.
You visited 1 branch of the dungeon, and saw 5 of its levels.

You collected 110 gold pieces.

Inventory:

Hand Weapons
 a - a +0 mace (weapon)
 c - a +1 dagger of speed
 i - a +0 sling
 u - a +0 falchion
Missiles
 g - 20 stones (quivered)
 m - 16 poisoned darts
Armour
 b - a +0 robe (worn)
Magical Staves
 n - a staff of fire
Jewellery
 l - a ring of wizardry
Scrolls
 e - 6 scrolls of teleportation {unknown}
 f - 2 scrolls of noise {unknown}
 h - 4 scrolls of identify {unknown}
 j - a scroll of butterflies {unknown}
 o - 2 scrolls of fear {unknown}
 r - 2 scrolls of immolation {unknown}
 t - a scroll of silence {unknown}
Potions
 d - 2 potions of haste {unknown}
 k - 2 potions of brilliance
 p - 2 potions of degeneration {unknown}
 q - a potion of attraction {unknown}
 s - a potion of mutation {unknown}


   Skills:
 + Level 2.8 Fighting
 + Level 3.9 Maces & Flails
 + Level 3.2 Dodging
 + Level 1.2 Stealth


You had 3 spell levels left.
You didn't know any spells.
Your spell library was empty.

Dungeon Overview and Level Annotations

Branches:
Dungeon (5/15)
 Temple: D:4-7

Altars:
Uskayaw

Shops:
D:3 [

Annotations:
D:4 Blork the orc


Innate Abilities, Weirdness & Mutations

You are too large for most types of armour.
You have claws for hands.
Your natural rate of healing is unusually fast.
You are covered in fur. (AC +1)
You have tough skin. (AC +1)


Message History

The ufetubus shouts!
You closely miss the ufetubus. The ufetubus completely misses you.
The ufetubus barely misses you. The ufetubus hits you. x2
You hit the adder.
The adder is heavily wounded.
The adder closely misses you. The ufetubus hits you.
The ufetubus closely misses you. The adder bites you but does no damage.
The ufetubus hits you but does no damage.
The ufetubus barely misses you.
You barely miss the adder.
The adder is heavily wounded.
The adder bites you.
You are poisoned.
The adder poisons you!
The ufetubus hits you but does no damage.
The ufetubus hits you. The gnoll hits you with a +0 club.
You hit the adder.
The adder is heavily wounded.
You feel sick.
The ufetubus hits you. x2; The adder bites you.
You are more poisoned.
The adder poisons you! The gnoll closely misses you. x2
The ufetubus hits you but does no damage.
The ufetubus barely misses you. The adder bites you.
You are more poisoned.
The adder poisons you!
You hit the adder.
The adder is severely wounded.
You feel very sick. The ufetubus barely misses you. The ufetubus hits you.
* * * LOW HITPOINT WARNING * * *
The adder bites you.
* * * LOW HITPOINT WARNING * * *
The gnoll misses you. The gnoll hits you with a +0 club.
* * * LOW HITPOINT WARNING * * *
The gnoll closely misses you. The ufetubus hits you.
* * * LOW HITPOINT WARNING * * *
The ufetubus hits you.
* * * LOW HITPOINT WARNING * * *
The adder closely misses you. The gnoll hits you with a +0 club.
You die...

...............##
....... .....g.###....##
#.#..## ....##.##.###.##
...$#
...........##..####....#
...........##.........$#
...........#...........#
......................=#
................g...#..#
............#..g@5......
......#....###.g#S.#....
#.....###.## #####.# ...
####..# #.# ## #
....#### .....# .######


You could see 3 gnolls, an adder and an ufetubus.

Vanquished Creatures
  An orc wizard (D:3)
  3 adders
  3 worms
  4 orcs (D:3)
  5 endoplasms
  2 giant cockroaches (D:1)
  4 goblins
  6 hobgoblins
  2 jackals (D:3)
  4 quokkas
  7 ball pythons
  4 bats
  2 frilled lizards (D:1)
  2 kobolds
  9 rats
58 creatures vanquished.

Vanquished Creatures (others)
  9 plants (D:5)
9 creatures vanquished.

Grand Total: 67 creatures vanquished

Notes
Turn   | Place    | Note
-------+----------+-------------------------------------------
     0 | D:1      | kingsuperguy the Troll Monk began the quest for the Orb.
     0 | D:1      | Reached XP level 1. HP: 22/22 MP: 0/0
   125 | D:1      | Reached XP level 2. HP: 29/29 MP: 1/1
   224 | D:1      | Found a faded altar of an unknown god.
   638 | D:2      | Reached XP level 3. HP: 23/36 MP: 2/2
  1235 | D:3      | Found Hokeuqet's Antique Armour Boutique.
  1499 | D:3      | Noticed a +0 dagger
  1499 | D:3      | Noticed a +0 falchion
  1500 | D:3      | Noticed a +0 spear
  1501 | D:3      | Noticed a +0 falchion
  1501 | D:3      | Noticed a +0 short sword
  1502 | D:3      | Noticed a +0 spear
  1503 | D:3      | Noticed a +0 dagger
  1535 | D:3      | Noticed a +0 short sword
  1565 | D:3      | Reached XP level 4. HP: 35/44 MP: 3/3
  1724 | D:3      | Found a hide-covered altar of Uskayaw.
  2094 | D:4      | Noticed Blork the orc
  2103 | D:5      | Entered Level 5 of the Dungeon
  2104 | D:5      | Noticed an ogre
  2161 | D:5      | Noticed a gnoll sergeant
  2186 | D:5      | HP: 1/44 [ufetubus (3)]
  2186 | D:5      | Slain by a gnoll

Illustrated notes

Levels and vault maps discovered:
D:1:      dpeg_arrival_arbitrary_c, layout_rooms, ebering_ecumenical_altar_mist,
          minmay_misc_feat_five
D:2:      layout_loops_ring
D:3:      layout_loops_cross, nicolae_uskayaw_en_pointe, serial_shops,
          nicolae_square_shop
D:4:      layout_loops_ring, serial_rivers, chequers_serial_rivers_room_b,
          chequers_serial_rivers_micro_c, chequers_serial_rivers_small_3,
          chequers_serial_rivers_micro_e, gammafunk_ghost_nasty_kobolds,
          uniq_blork_the_orc
D:5:      layout_cave_pools, mainiacjoe_overflow_tiny_flanked,
          kennysheep_slug_shrine, mainiacjoe_overflow_chevrons,
          nicolae_grassy_gnolls

Skill      XL: |  1  2  3  4 |
---------------+-------------+-----
Maces & Flails | 3 |  3.9
Dodging        | 3 |  3.2
Fighting       | |  2.8
Stealth        | |  1.2

Action                   |  1- 3 |  4- 6 || total
-------------------------+-------+-------++-------
Melee: Mace              |   128 |    51 ||   179
       Punch             |     1 |       ||     1
Throw: Stone             |       |     3 ||     3
  Use: Potion            |       |     3 ||     3
 Stab: Sleeping          |     7 |     1 ||     8
Armor: Robe              |    39 |    24 ||    63
Dodge: Dodged            |    67 |    33 ||   100
